 Dungeon Crawl Stone Soup version 0.19.5 (webtiles) character file.

156 JustSomeDude the Covered (level 5, 0/61 HPs)
             Began as a Demonspawn Fighter on Mar 21, 2017.
             Killed by divine providence
             ... invoked by an orc priest
              (12 damage)
             ... on level 3 of the Dungeon.
             The game lasted 00:04:12 (1693 turns).

JustSomeDude the Covered (Demonspawn Fighter)       Turns: 1693, Time: 00:04:14

Health: 0/61       AC: 22    Str: 21 (23) XL:     5   Next: 14%
Magic:  0/5        EV:  2    Int:  6 (9)  God:
Gold:   101        SH:  9    Dex:  9 (12) Spells: 0 memorised, 4 levels left

rFire  . . .     SeeInvis .     v - +0 spear (venom)
rCold  . . .     Gourm    +     (armour currently unavailable)
rNeg   + + +     Faith    .     c - +0 shield
rPois  +         Spirit   +     (helmet currently unavailable)
rElec  .         Reflect  .     (cloak currently unavailable)
rCorr  .         Harm     .     (gloves currently unavailable)
MR     .....     NoTele   +     (boots currently unavailable)
Stlth  +.........               p - amulet of the gourmand
                                (no ring)
                                (no ring)

@: mighty, tree-form
A: (antennae 0), magic shield
a: no special abilities


You were on level 3 of the Dungeon.
You were full.
You were a tree.
You visited 1 branch of the dungeon, and saw 3 of its levels.

You collected 101 gold pieces.

Inventory:

Hand Weapons
 a - a +0 war axe
 v - a +0 spear of venom (weapon)
Armour
 b - a +0 scale mail (melded)
 c - a +0 shield (worn)
 j - a +0 large shield
 k - a +0 chain mail
Jewellery
 n - a +2 amulet of reflection
 p - an amulet of the gourmand (around neck)
 u - an uncursed amulet of rage {unknown}
Scrolls
 e - a scroll of enchant weapon {unknown}
 g - a scroll of remove curse {unknown}
 h - 2 scrolls of blinking {unknown}
 o - a scroll of identify {unknown}
 q - a scroll of noise {unknown}
 w - 2 scrolls of magic mapping {unknown}
Potions
 d - a potion of might
 l - a potion of haste {unknown}
 m - a potion of lignification
 r - a potion of berserk rage {unknown}
 s - a potion of agility {unknown}
 t - a potion of mutation {unknown}
 x - a potion of degeneration
 A - a potion of heal wounds {unknown}
 B - a potion of flight {unknown}
Comestibles
 f - 2 bread rations
 z - a beef jerky


   Skills:
 + Level 3.3 Fighting
 + Level 3.1(3.3) Axes
 + Level 1.3(2.4) Polearms
 + Level 3.4 Armour
 + Level 0.6 Dodging
 + Level 3.2 Shields


You had 4 spell levels left.
You didn't know any spells.

Dungeon Overview and Level Annotations

Branches:
Dungeon (3/15)

Altars:


Innate Abilities, Weirdness & Mutations

((You have a pair of small antennae on your head.))
When hurt, damage is shared between your health and your magic reserves.


Message History

Your +0 scale mail melds into your body.
Your roots penetrate the ground.
You block the leopard gecko's attack.
It was a potion of degeneration.
There was something very wrong with that liquid.
You feel weakened.
You feel dopey.
You feel clumsy.
The leopard gecko bites you but does no damage.
A magic dart appears from out of thin air!
The magic dart hits you!
The leopard gecko bites you but does no damage.
It was a potion of curing.
You feel better.
The leopard gecko bites you but does no damage.
You barely miss the leopard gecko. Something hits you but does no damage.
The leopard gecko bites you but does no damage.
You hit the leopard gecko.
The leopard gecko is heavily wounded.
The leopard gecko bites you but does no damage.
Something hits you but does no damage.
The orc priest calls down the wrath of Beogh upon you.
Beogh smites you!
You die...

..... ....
.... #.. #..
#.# #l# #♣#
#{# #o# #o####
# #o...# {.###
####.###oo..#
##....o)o# #
#....####o....
#.####..### {
...


You could see an orc priest, 2 orcs and a leopard gecko.

Vanquished Creatures
  An orc wizard (D:3)
  7 adders
  An ooze (D:1)
  3 orcs (D:3)
  A giant cockroach (D:2)
  7 goblins
  6 hobgoblins
  3 jackals (D:2)
  10 kobolds
  A quokka (D:3)
  5 ball pythons
  2 bats
  2 frilled lizards (D:2)
  9 rats
58 creatures vanquished.

Notes
Turn   | Place    | Note
-------+----------+-------------------------------------------
     0 | D:1      | JustSomeDude the Demonspawn Fighter began the quest for the Orb.
     0 | D:1      | Reached XP level 1. HP: 18/18 MP: 1/1
   128 | D:1      | Gained mutation: You have a pair of small antennae on your head. [demonic ancestry]
   128 | D:1      | Reached XP level 2. HP: 22/24 MP: 2/2
   596 | D:2      | Reached XP level 3. HP: 22/29 MP: 3/3
  1110 | D:2      | Reached XP level 4. HP: 19/35 MP: 4/4
  1645 | D:3      | Reached skill level 1 in Polearms
  1676 | D:3      | Gained mutation: When hurt, damage is shared between your health and your magic reserves. [demonic ancestry]
  1676 | D:3      | Reached XP level 5. HP: 20/41 MP: 5/5
  1693 | D:3      | Killed from afar by an orc priest

Skill      XL: |  1  2  3  4 |
---------------+-------------+-----
Armour         | 3 |  3.4
Axes           | 2 3 |  3.1
Shields        | 3 |  3.2
Polearms       | 1 |  1.3
Fighting       | |  3.3
Dodging        | |  0.6

Action                   |  1- 3 |  4- 6 || total
-------------------------+-------+-------++-------
Melee: War axe           |    59 |       ||    59
       Spear             |    19 |    93 ||   112
  Use: Potion            |       |     4 ||     4
  Eat: Chunk             |     1 |    16 ||    17
Armor: Scale mail        |    30 |    31 ||    61
       Skin              |       |     8 ||     8
Dodge: Dodged            |    18 |    19 ||    37
Block: Shield            |    43 |    33 ||    76
       Reflection        |     1 |       ||     1
